AoeStats
← HUESOS

Arena

510348833Analyzed
2v2 RM · 2d ago on Sep 30, 2026· 41m 2s· 4 players
Game mode
Random Map
Map size
Medium (4 player)
Population
200
Speed
Normal
Resources
Standard
Victory
Conquest
Starting age
Dark Age
Ending age
Imperial Age
RankedLock teamsTeams togetherTeam positionsShared explorationLock speedFull tech treeHidden civsTurbo modeCheats
Victory
Defeat
🇸🇪 Turks · Sweden
940
+14
🇸🇪 Goths · Sweden
931
+15
🇹🇷 Magyars · Türkiye
914
-15
🇰🇿 Tatars · Kazakhstan
900
-14
dboss
7:58 Loom
10:14 Feudal Age
18:06 Castle Age
16:19 Double-Bit Axe
16:30 Horse Collar
17:41 Bloodlines
19:07 Bow Saw
21:06 Heavy Plow
20:30 Light Cavalry
25:27 Husbandry
26:22 Corvinian Army
29:41 Scale Barding Armor
29:16 Elite Skirmisher
30:59 Fletching
31:10 Padded Archer Armor
31:53 Wheelbarrow
34:30 Town Watch
HUESOS
exopeN
11:44 Feudal Age
13:32 Loom
16:20 Castle Age
14:42 Double-Bit Axe
18:43 Bow Saw
21:40 Horse Collar
23:46 Heavy Plow
26:22 Gold Mining
27:21 Anarchy
28:59 Wheelbarrow
31:29 Imperial Age
29:16 Stone Mining
30:37 Hand Cart
31:17 Forging
31:11 Scale Mail Armor
31:23 Town Watch
33:15 Iron Casting
32:56 Chain Mail Armor
32:34 Fletching
33:25 Crop Rotation
34:27 Two-Man Saw
35:29 Conscription
35:51 Squires
35:13 Pikeman
37:46 Blast Furnace
36:20 Halberdier
39:21 Perfusion
38:46 Elite Huskarl
stahl_mannen
9:47 Feudal Age
10:23 Double-Bit Axe
10:57 Horse Collar
18:32 Castle Age
20:14 Fletching
22:58 Imperial Age
23:33 Bodkin Arrow
33:36 Wheelbarrow
33:25 Scale Barding Armor
33:31 Forging
33:22 Heavy Camel Rider
35:53 Iron Casting
35:39 Chain Barding Armor
40:04 Loom
41:19 Chain Barding Armor
41:59 Blast Furnace
41:12 Heavy Plow
Connection lost

Rejoining the realm…

Still unreachable

The connection could not be restored.

Session expired

The server has moved on; the page needs a fresh start.